 Dungeon Crawl Stone Soup version 0.21.1-1-g345015fe64 (webtiles) character file.

1224 Mrkan the Fighter (level 8, -4/55 HPs)
             Began as a Gargoyle Fighter on May 10, 2018.
             Slain by an orc warrior
             ... wielding a +1 trident of freezing
              (8 damage)
             ... on level 7 of the Dungeon.
             The game lasted 00:13:16 (5266 turns).

Mrkan the Fighter (Gargoyle Fighter)                Turns: 5266, Time: 00:13:16

Health: -4/55      AC: 21    Str: 25    XL:     8   Next: 47%
Magic:  8/8        EV:  4    Int:  9    God:
Gold:   369        SH:  9    Dex: 11    Spells: 7/7 levels left

rFire    . . .     SeeInvis .   a - +1 flail
rCold    . . .     Gourm    .   c - +0 shield
rNeg     + . .     Faith    .   A - +0 plate armour
rPois    ∞         Spirit   .   t - +0 helmet
rElec    +         Reflect  .   v - +0 cloak
rCorr    .         Harm     .   n - +0 pair of gloves
MR       .....                  i - +0 pair of boots
Stlth    ..........             (no amulet)
HPRegen  0.18/turn              (no ring)
MPRegen  0.11/turn              (no ring)

@: mighty, starving
A: negative energy resistance 1, electricity resistance, unbreathing,
petrification resistance, rot immunity, AC +5
a: no special abilities


You were on level 7 of the Dungeon.
You were starving.

You visited 1 branch of the dungeon, and saw 7 of its levels.

You collected 369 gold pieces.

Inventory:

Hand Weapons
 a - a +1 flail (weapon)
Armour
 c - a +0 shield (worn)
 i - a +0 pair of boots (worn)
 n - a +0 pair of gloves (worn)
 t - a +0 helmet (worn)
 v - a +0 cloak (worn)
 A - a +0 plate armour (worn)
Jewellery
 s - an uncursed ring of flight {unknown}
 w - an uncursed amulet of the gourmand
Wands
 z - a wand of acid (6)
 B - a wand of clouds (4)
Scrolls
 b - a scroll of enchant armour {unknown}
 j - a scroll of blinking
 o - 2 scrolls of identify
 p - 3 scrolls of remove curse
 x - a scroll of teleportation
 y - a scroll of amnesia
Potions
 e - a potion of agility {unknown}
 g - 3 potions of haste {unknown}
 k - 4 potions of heal wounds {unknown}
 m - 4 potions of curing {unknown}
 r - a potion of lignification {unknown}
Books
 u - the Reference Book on the Voyage
   (You found it on level 5 of the Dungeon)

   Spells                             Type                      Level
   a - Apportation                    Translocation                1
   b - Portal Projectile              Hexes/Translocation          3
   c - Controlled Blink               Translocation                8
   d - Disjunction                    Translocation                8
Comestibles
 f - 6 rations


   Skills:
 * Level 8.6 Fighting
 - Level 7.0 Maces & Flails
 - Level 3.2 Armour
 - Level 3.2 Shields


You had 7 spell levels left.
You didn't know any spells.

Dungeon Overview and Level Annotations

Branches:
Dungeon (7/15)
 Temple: D:4-7

Altars:
Dithmenos
Elyvilon
Makhleb
Ru
Trog

Shops:
D:6 =

Annotations:
D:4 1 runed door, Sigmund


Innate Abilities, Weirdness & Mutations

You are resistant to torment.
Your stone body is resilient. (AC +5)
You are immune to poison.
You resist negative energy. (rN+)
You are resistant to electric shocks. (rElec)
You can survive without breathing.
You are immune to petrification.
You are immune to rotting.


Message History

The kobold hits you but does no damage.
You closely miss the orc wizard. You block the hound's attack.
The orc warrior hits you but does no damage.
The orc warrior hits you from afar with a trident of freezing.
* * * LOW HITPOINT WARNING * * *
The orc warrior freezes you.
* * * LOW HITPOINT WARNING * * *
The orc wizard hits you but does no damage.
The kobold hits you but does no damage. You block the hound's attack.
You block the big kobold's attack.
Your plate armour prevents you from hitting the orc wizard.
The hound bites you but does no damage.
The orc warrior hits you but does no damage. x2
The orc wizard hits you but does no damage.
The shadow imp shouts, "Turn tail, thou feeble knotty-pated tiddler!"
You block the kobold's attack. You block the big kobold's attack.
The hound bites you but does no damage. You block the orc warrior's attack.
You closely miss the orc wizard.
The orc warrior hits you from afar with a trident of freezing!
You die... ............. ........... ......... ....... ..... . . .F. .#... ####h##..... #oWo@KK.#

#5o#oKo## #..#oo##
#.#.K## #...##
#{.## #..#
##########(## .#
#...#....#..###..#


You could see a hungry ghost, 2 orc warriors, a big kobold, a bullfrog, a hound,
2 orc wizards, a shadow imp, 3 orcs and 3 kobolds.

Vanquished Creatures
  A water moccasin (D:4)
  2 eyes of draining (D:4)
  A phantom (D:3)
  2 ogres
  2 bullfrogs (D:6)
  A centaur skeleton (D:4)
  3 hounds
  An orc priest (D:4)
  4 orc wizards
  Natasha (thrice) (D:2)
  3 worker ants
  Robin (D:2)
  8 adders
  A shadow imp (D:6)
  A dart slug (D:1)
  2 worms
  3 leopard geckos
  11 orcs
  A ball python (D:4)
  2 giant cockroaches
  15 goblins
  6 hobgoblins
  4 jackals (D:3)
  5 kobolds
  5 bats
  2 frilled lizards
  A jackal skeleton (D:5)
  9 rats
100 creatures vanquished.

Vanquished Creatures (others)
  An orc wizard (D:7)
1 creature vanquished.

Grand Total: 101 creatures vanquished

Notes
Turn   | Place    | Note
-------+----------+-------------------------------------------
     0 | D:1      | Mrkan the Gargoyle Fighter began the quest for the Orb.
     0 | D:1      | Reached XP level 1. HP: 14/14 MP: 1/1
   169 | D:1      | Reached XP level 2. HP: 19/19 MP: 2/2
   746 | D:2      | Reached XP level 3. HP: 23/23 MP: 3/3
   833 | D:2      | Noticed Robin
   837 | D:2      | Killed Robin
   915 | D:2      | Noticed Natasha
   921 | D:2      | Killed Natasha
   921 | D:2      | Reached XP level 4. HP: 21/28 MP: 4/4
   997 | D:2      | Noticed Natasha
  1005 | D:2      | Killed Natasha
  1151 | D:2      | Reached skill level 5 in Maces & Flails
  1151 | D:2      | Reached XP level 5. HP: 27/32 MP: 5/5
  1277 | D:2      | Noticed Natasha
  1293 | D:2      | Killed Natasha
  1531 | D:3      | Noticed a phantom
  1629 | D:3      | Killed a phantom
  1629 | D:3      | Reached XP level 6. HP: 33/37 MP: 6/6
  2246 | D:3      | Found a burning altar of Makhleb.
  2621 | D:4      | Noticed a water moccasin
  2642 | D:4      | Killed a water moccasin
  2642 | D:4      | Reached skill level 4 in Fighting
  2642 | D:4      | Reached XP level 7. HP: 33/44 MP: 7/7
  2688 | D:4      | Reached skill level 5 in Fighting
  2917 | D:4      | Found a bloodstained altar of Trog.
  2936 | D:4      | Reached skill level 6 in Fighting
  2992 | D:4      | Reached XP level 8. HP: 4/52 MP: 5/8
  3437 | D:4      | Found a runed door.
  3642 | D:4      | Noticed Sigmund
  3711 | D:4      | Reached skill level 7 in Fighting
  3747 | D:5      | Entered Level 5 of the Dungeon
  3772 | D:5      | Identified the Reference Book on the Voyage
  4110 | D:5      | Found a sacrificial altar of Ru.
  4548 | D:6      | Found Kesh's Jewellery Shoppe.
  4600 | D:6      | Found a shadowy altar of Dithmenos.
  4620 | D:6      | Reached skill level 8 in Fighting
  5102 | D:6      | Found a white marble altar of Elyvilon.
  5266 | D:7      | Slain by an orc warrior

Skill      XL: |  1  2  3  4  5  6  7  8 |
---------------+-------------------------+-----
Maces & Flails | 3 4 5 6 7 |  7.0
Fighting       | 4 6 8 |  8.6
Armour         | |  3.2
Shields        | |  3.2

Action                   |  1- 3 |  4- 6 |  7- 9 || total
-------------------------+-------+-------+-------++-------
Melee: Flail             |   101 |   271 |   145 ||   517
  Use: Scroll            |       |       |     8 ||     8
       Potion            |       |       |     2 ||     2
  Eat: Chunk             |       |     6 |     2 ||     8
       Ration            |       |       |     2 ||     2
Armor: Scale mail        |    57 |    52 |       ||   109
       Chain mail        |       |   141 |    79 ||   220
       Plate armour      |       |       |    66 ||    66
Dodge: Dodged            |    40 |    72 |    25 ||   137
Block: Shield            |    59 |   144 |    90 ||   293
